 Dungeon Crawl Stone Soup version 0.31-a0-472-g43a2ca8e1b (webtiles) character file.

Game seed: 6649578921281289819

1541 Ethylacetat the Changeling (level 8, -1/55 HPs)
             Began as an Octopode Shapeshifter on Aug 6, 2023.
             Slain by a centaur (2 damage)
             ... on level 5 of the Dungeon.
             The game lasted 00:03:51 (4046 turns).

Ethylacetat the Changeling (Octopode Shapeshifter)  Turns: 4046, Time: 00:03:52

Health: -1/55      AC:  1    Str: 14    XL:     8   Next: 86%
Magic:  26/26      EV: 18    Int: 11    God:
Gold:   258        SH:  0    Dex: 14    Spells: 7/7 levels left

rFire   + . .        v - +2 flail (protect)
rCold   + . .        (no shield)
rNeg    . . .        (helmet currently unavailable)
rPois   +            (no amulet)
rElec   .            i - +5 ring of evasion
rCorr   .            q - ring of magical power
SInv    .            j - ring "Fimme" {rPois rF+ rC+ Will-}
Will    .....        k - ring of magical power
Stlth   ++           (no ring)
HPRegen 0.29/turn    (no ring)
MPRegen 0.20/turn    (no ring)
                     (no ring)

%: no passive effects
@: beast-form
A: beast (slay +4), almost no armour, amphibious, 8 rings, camouflage 1,
gelatinous body 1, (nimble swimmer 1), tentacles
a: Begin Untransformation


You were on level 5 of the Dungeon.
You were a hulking beast.
You visited 1 branch of the dungeon, and saw 5 of its levels.

You collected 258 gold pieces.

Inventory:

Hand Weapons
 d - a +0 dagger of protection
 v - a +2 flail of protection (weapon)
Missiles
 x - 2 throwing nets
Jewellery
 i - a +5 ring of evasion (left tentacle)
 j - the ring "Fimme" (on tentacle) {rPois rF+ rC+ Will-}
   (You found it on level 2 of the Dungeon)

   [ring of poison resistance]

   rF:        It protects you from fire.
   rC:        It protects you from cold.
   rPois:     It protects you from poison.
   Will:      It decreases your willpower.
 k - a ring of magical power (on tentacle)
 q - a ring of magical power (right tentacle)
 w - a +6 ring of intelligence
Talismans
 b - a beast talisman (active)
Wands
 A - a wand of charming (10)
Scrolls
 c - 12 scrolls of identify {unknown}
 e - 2 scrolls of teleportation {unknown}
 f - a scroll of fear {unknown}
 g - a scroll of noise {unknown}
 m - 2 scrolls of enchant weapon {unknown}
 n - 2 scrolls of vulnerability {unknown}
 p - 2 scrolls of immolation {unknown}
 r - a scroll of fog {unknown}
 u - 2 scrolls of blinking {unknown}
 y - a scroll of summoning {unknown}
Potions
 a - a potion of lignification
 h - 3 potions of curing {unknown}
 l - a potion of brilliance {unknown}
 o - 2 potions of degeneration {unknown}
 s - a potion of cancellation {unknown}
 t - a potion of enlightenment {unknown}
 z - a potion of attraction {unknown}
 B - a potion of magic {unknown}
 C - 2 potions of invisibility {unknown}


   Skills:
 + Level 5.3 Fighting
 - Level 2.0 Dodging
 + Level 6.1 Unarmed Combat
 * Level 7.1 Shapeshifting


You had 7 spell levels left.
You didn't know any spells.
Your spell library was empty.

Dungeon Overview and Level Annotations

Branches:
Dungeon (5/15)
 Temple: D:4-7

Altars:
Hepliaklqana
Trog
Zin

Shops:
D:4 :

Annotations:
D:2 1 runed translucent door, Crazy Yiuf


Innate Abilities, Weirdness & Mutations

You are a hulking beast.
Your limbs bulge with bestial killing power. (Slay +4)
You cannot wear most types of armour.
You are amphibious.
You can wear up to eight rings at the same time.
Your skin changes colour to match your surroundings (Stealth+).
Your rubbery body absorbs attacks. (AC +1, EV +1)
((You are camouflaged when in or above water. (Stealth+)))
You have tentacles for arms and can constrict up to eight enemies at once.


Message History

A water moccasin is nearby!
A water moccasin is nearby!
The helpless water moccasin fails to defend itself.
You thump the water moccasin!
Your weapon exudes an aura of protection.
You grab the water moccasin. You squeeze the water moccasin!
The water moccasin is almost dead.
You constrict the water moccasin.
You kill the water moccasin!
Your Shapeshifting skill increases to level 7!
No target in view!
No target in view!
You see here a water moccasin corpse.
A centaur comes into view.
The centaur shouts!
An orc comes into view. It is wielding a +0 club.
The centaur wields a +0 shortbow.
The centaur shoots an arrow.
The arrow hits you!
The centaur shoots an arrow.
The arrow hits you!
There are monsters nearby!
The centaur shoots an arrow.
The arrow closely misses you.
The centaur shoots an arrow.
The arrow hits you!
There are monsters nearby!
You are too injured to fight recklessly!
There are monsters nearby!
You are too injured to fight recklessly!
There are monsters nearby!
You are too injured to fight recklessly!
There are monsters nearby!
You are too injured to fight recklessly!
You are too injured to fight recklessly!
The centaur shoots an arrow.
The arrow hits you!
* * * LOW HITPOINT WARNING * * *
The centaur shoots an arrow.
The arrow barely misses you.
The centaur shoots an arrow.
The arrow hits you!
* * * LOW HITPOINT WARNING * * *
The centaur unwields a +0 shortbow.
The centaur hits you.
* * * LOW HITPOINT WARNING * * *
The centaur kicks you.
You die...

#.######...#
#.)........#
########...#
........####
.######.# ###.###
#...†.#
#.###.##############
#.# #.......hco.....
#.###.##############
#.....# #######


You could see a centaur and an orc.

Vanquished Creatures
  Sigmund (D:4)
  Eustachio (D:4)
  Edmund (D:4)
  Menkaure (D:4)
  A water moccasin (D:5)
  Pargi (D:4)
  An ice beast (D:5)
  An ogre (D:5)
  A centaur (D:5)
  A scorpion (D:4)
  4 wights (D:4)
  A hound (D:5)
  A jelly (D:5)
  A sleepcap (D:4)
  Terence (D:3)
  3 gnolls (D:4)
  4 adders
  2 white imps (D:5)
  2 dart slugs
  2 worms (D:2)
  6 orcs
  12 bats
  11 endoplasms
  5 giant cockroaches
  6 goblins
  11 hobgoblins
  4 jackals (D:1)
  5 quokkas
  11 ball pythons
  4 frilled lizards
  5 kobolds
  7 rats
118 creatures vanquished.

Notes
Turn   | Place    | Note
-------+----------+-------------------------------------------
     0 | D:1      | Ethylacetat the Octopode Shapeshifter began the quest for
                  | the Orb.
     0 | D:1      | Reached XP level 1. HP: 13/13 MP: 1/1
   120 | D:1      | Reached XP level 2. HP: 18/18 MP: 2/2
   462 | D:1      | Reached XP level 3. HP: 21/23 MP: 3/3
  1054 | D:2      | Identified the ring "Fimme" {rPois rF+ rC+ Will-}
  1079 | D:2      | Found a runed translucent door.
  1080 | D:2      | Noticed Crazy Yiuf
  1331 | D:2      | Reached XP level 4. HP: 29/29 MP: 4/4
  1633 | D:3      | Found a hazy altar of Hepliaklqana.
  1650 | D:3      | Found a bloodstained altar of Trog.
  2084 | D:3      | Reached skill level 4 in Shapeshifting
  2108 | D:3      | Reached XP level 5. HP: 34/35 MP: 5/5
  2398 | D:3      | Noticed Terence
  2406 | D:3      | Killed Terence
  2681 | D:4      | Noticed Menkaure
  2689 | D:4      | Killed Menkaure
  2690 | D:4      | Reached XP level 6. HP: 8/42 MP: 6/6
  2932 | D:4      | Noticed Pargi
  2948 | D:4      | Killed Pargi
  2949 | D:4      | Reached skill level 5 in Shapeshifting
  2949 | D:4      | Reached XP level 7. HP: 23/46 MP: 7/7
  3246 | D:4      | Noticed Sigmund
  3257 | D:4      | Killed Sigmund
  3258 | D:4      | Reached skill level 5 in Unarmed Combat
  3275 | D:4      | Found Vuiggassie's Book Shoppe.
  3277 | D:4      | Noticed Edmund
  3300 | D:4      | Killed Edmund
  3301 | D:4      | Reached skill level 6 in Shapeshifting
  3301 | D:4      | Reached XP level 8. HP: 17/54 MP: 8/8
  3456 | D:4      | Found a glowing silver altar of Zin.
  3479 | D:4      | Noticed Eustachio
  3492 | D:4      | Killed Eustachio
  3739 | D:5      | Entered Level 5 of the Dungeon
  3859 | D:5      | Reached skill level 5 in Fighting
  4024 | D:5      | Reached skill level 7 in Shapeshifting
  4045 | D:5      | HP: 2/55 [centaur/arrow (12)]
  4046 | D:5      | Slain by a centaur

Illustrated notes

Levels and vault maps discovered:
D:1:      spicycebolla_arrival_clurvy, layout_basic, nicolae_titane
D:2:      layout_loops_cross, serial_park_tiny_pond,
          minmay_misc_feat_secret_circle, uniq_crazy_yiuf_cottage
D:3:      layout_basic, general_overflow_altar, mainiacjoe_overflow_alcove_4,
          grunt_ministairs_15, columned_hall_lemuel, nrook_uturn,
          minmay_joined_circles, uniq_terence
D:4:      layout_cave_pools, mainiacjoe_overflow_alcove_1, serial_shops,
          nicolae_lakefront_shop, kennysheep_generic_room_2, uniq_menkaure,
          uniq_sigmund, uniq_edmund, uniq_eustachio, uniq_pargi
D:5:      layout_loops_ring, lemuel_mausoleum_altar_yredelemnul,
          nicolae_qazlal_eye_of_the_storm

Skill      XL: |  1  2  3  4  5  6  7  8 |
---------------+-------------------------+-----
Fighting       | 2 3 4 5 |  5.3
Shapeshifting  | 4 5 6 7 |  7.1
Unarmed Combat | 4 5 6 |  6.1
Dodging        | |  2.0

Action                     |  1- 3 |  4- 6 |  7- 9 || total
---------------------------+-------+-------+-------++-------
  Melee: Unarmed           |    10 |       |       ||    10
         Constrict         |    16 |    25 |    18 ||    59
         Dagger            |    71 |   103 |    45 ||   219
         Tentacles         |     7 |    24 |    28 ||    59
         Punch             |     1 |     1 |     3 ||     5
         Flail             |       |       |    39 ||    39
   Stab: Sleeping          |     5 |     3 |     3 ||    11
 Armour: Skin              |    10 |    23 |    13 ||    46
  Dodge: Dodged            |    44 |    81 |    78 ||   203

Table legend: (Time is in decaauts)
 A = Elapsed time spent in this place.
 B = Non-inter-level travel time spent in this place.
 C = Inter-level travel time spent in this place.
 D = Time resting spent in this place.
 E = Time spent auto-exploring this place.
 F = Levels seen in this place.
 G = Mean time per level.
                   A        B        C        D        E       F      G
               +--------+--------+--------+--------+--------+-----+--------+
         Total |   4057 |   3943 |    114 |      0 |   3254 |   5 |  811.4 |
       Dungeon |   4057 |   3943 |    114 |      0 |   3254 |   5 |  811.4 |
               +--------+--------+--------+--------+--------+-----+--------+

Top non-repeatable levels by time:
     D:4: 1167 daAuts
     D:3: 989 daAuts
     D:1: 811 daAuts
     D:2: 774 daAuts
     D:5: 315 daAuts
